 Dungeon Crawl Stone Soup version 0.28-a0-1190-g77e1c55843 (webtiles) character file.

Game seed: 14372148600505560066

184 fragbeetle the Changer (level 5, -2/37 HPs)
             Began as a Merfolk Transmuter on Dec 19, 2021.
             Was an Initiate of Gozag.
             Slain by Grinder (4 damage)
             ... on level 4 of the Dungeon.
             The game lasted 00:08:13 (4181 turns).

fragbeetle the Changer (Merfolk Transmuter)         Turns: 4181, Time: 00:08:15

Health: -2/37      AC:  2    Str: 12    XL:     5   Next: 63%
Magic:  6/8        EV: 13    Int: 12    God:    Gozag
Gold:   298        SH:  0    Dex: 15    Spells: 0/8 levels left

rFire   . . .      SeeInvis .     - Unarmed
rCold   . . .      Faith    .   (no shield)
rNeg    . . .      Spirit   .   a - +0 robe
rPois   .          Reflect  .   (helmet currently unavailable)
rElec   .          Harm     .   (no cloak)
rCorr   .          Rampage  .   (no gloves)
Will    .....                   (boots currently unavailable)
Stlth   +.........              (no amulet)
HPRegen 0.12/turn               (no ring)
MPRegen 0.11/turn               (no ring)

@: mighty, appendages
A: horns 2, (nimble swimmer 2), mertail
a: End Transformation, Renounce Religion, Potion Petition, Call Merchant, Bribe
Branch


You were on level 4 of the Dungeon.
You worshipped Gozag.
Gozag was aware of your devotion.
You had temporarily grown beastly horns.
You visited 1 branch of the dungeon, and saw 4 of its levels.

You collected 326 gold pieces.
You paid 28 gold pieces to Gozag.

Inventory:

Hand Weapons
 g - a +0 hunting sling
Missiles
 b - 141 stones
Armour
 a - a +0 robe (worn)
 i - a scarf of harm
 m - a +0 leather armour
Wands
 h - a wand of polymorph (1)
Scrolls
 d - a scroll of immolation
 f - 4 scrolls of identify {unknown}
 l - a scroll of teleportation {unknown}
Potions
 j - a potion of berserk rage {unknown}
 k - a potion of brilliance {unknown}
 n - a potion of haste {unknown}


   Skills:
 - Level 1.1 Fighting
 - Level 4.0 Dodging
 + Level 4.4 Unarmed Combat
 - Level 2.0 Spellcasting
 + Level 4.5 Transmutations
 + Level 1.0 Ice Magic
 + Level 2.3 Poison Magic


You couldn't memorise any spells.
You knew the following spells:

 Your Spells              Type           Power      Damage    Failure   Level
a - Beastly Appendage     Tmut           24%        N/A       4%          1
b - Spider Form           Tmut/Pois      9%         N/A       21%         3
c - Ice Form              Ice/Tmut       7%         N/A       65%         4

Your spell library contained the following spells:

 Spells                   Type           Power      Damage    Failure   Level
 Wereblood                Tmut           12%        N/A       6%          2
 Pain                     Necr           4%         1d4       26%         1
 Inner Flame              Hex/Fire       1%         N/A       63%         3
 Cause Fear               Hex            0%         N/A       95%         4
 Agony                    Necr           1%         N/A       100%        5
 Excruciating Wounds      Necr           0%         N/A       100%        5
 Discord                  Hex            0%         N/A       100%        8


Dungeon Overview and Level Annotations

Branches:
Dungeon (4/15)
 Temple: D:4-7

Altars:
Gozag

Shops:
D:1 =

Annotations:
D:3 Sigmund
D:4 Grinder


Innate Abilities, Weirdness & Mutations

You have temporarily grown beastly horns.
((You are quick and stealthy near water. (Stealth+, EV+, Speed+++)))
Your lower body shifts to a powerful aquatic tail in water.


Message History

Casting: Beastly Appendage (safe; 4% risk of failure)
Confirm with . or Enter, or press ? or * to list all spells.
You miscast Beastly Appendage.
You are very lightly contaminated with residual magic.
Nothing appears to happen.
The endoplasm hits you.
Grinder says, "At least Makhleb appreciates what I'm doing."
Casting: Beastly Appendage (safe; 4% risk of failure)
Confirm with . or Enter, or press ? or * to list all spells.
You grow a pair of large bovine horns.
The endoplasm hits you but does no damage.
You hit the endoplasm.
The endoplasm is lightly wounded.
The endoplasm closely misses you.
You punch the endoplasm!
You kill the endoplasm!
Your transformation is almost over.
Your magical contamination has completely faded away.
Found a scroll of immolation.
Grinder gestures at you. Pain shoots through your body!
Grinder gestures at you.
You suddenly lose the ability to move!
Grinder gestures at you.
You barely resist.
Your horns disappear.
You can move again.
As you read the scroll labelled PEBBAHASKER, it crumbles to dust.
Your body is wracked with pain!
* * * LOW HITPOINT WARNING * * *
It was a scroll of torment.
Grinder misses you.
It was a potion of might.
You feel very mighty all of a sudden. Grinder gestures at you.
You barely resist.
Casting: Beastly Appendage (safe; 4% risk of failure)
Confirm with . or Enter, or press ? or * to list all spells.
You grow a pair of large bovine horns.
Grinder hits you!
* * * LOW HITPOINT WARNING * * *
You writhe in agony.
You die...
Your body crumbles into a pile of gold.

### # #### #.. #. ..# #.#
####..####.# #.#
#........#.####.##
..#...##......$..#
.....?.###.####..# #
#....@5..# #..##.#
##.####### #.....#
##.#### #####.##### ##+#
#.........# ##...##
#.###.###.# ##.....##
#.###.# #.# ##.......##
#.#.#.# #.#
#.........###.....###.###


You could see Grinder.

Vanquished Creatures
  Robin (D:2)
  3 gnolls (D:2)
  4 adders
  2 worms (D:3)
  2 dart slugs
  An orc (D:3)
  8 bats
  7 endoplasms
  5 giant cockroaches
  18 goblins
  8 hobgoblins
  2 jackals (D:1)
  2 quokkas
  9 ball pythons
  5 frilled lizards
  5 kobolds
  8 rats
90 creatures vanquished.

Notes
Turn   | Place    | Note
-------+----------+-------------------------------------------
     0 | D:1      | fragbeetle the Merfolk Transmuter began the quest for the
                  | Orb.
     0 | D:1      | Reached XP level 1. HP: 15/15 MP: 3/3
    52 | D:1      | Reached XP level 2. HP: 7/21 MP: 3/5
   539 | D:1      | Reached XP level 3. HP: 26/26 MP: 4/6
   551 | D:1      | Learned a level 3 spell: Spider Form
   583 | D:1      | Found a faded altar of an unknown god.
   845 | D:1      | Found Koch's Jewellery Emporium.
  1313 | D:2      | Reached skill level 1 in Poison Magic
  1313 | D:2      | Reached XP level 4. HP: 22/32 MP: 5/7
  1934 | D:2      | Noticed Robin
  1943 | D:2      | Killed Robin
  1974 | D:2      | Reached XP level 5. HP: 28/37 MP: 8/8
  2007 | D:2      | Learned a level 4 spell: Ice Form
  2643 | D:2      | Found an opulent altar of Gozag.
  2648 | D:2      | Became a worshipper of Gozag Ym Sagoz the Greedy
  3852 | D:3      | Noticed Sigmund
  4039 | D:3      | Reached skill level 1 in Ice Magic
  4153 | D:4      | Noticed Grinder
  4160 | D:4      | Paralysed by Grinder for 2 turns
  4175 | D:4      | Paralysed by Grinder for 4 turns
  4181 | D:4      | Slain by Grinder

Illustrated notes

Levels and vault maps discovered:
D:1:      co_arrival_square_in_a_square_in_a_square, layout_rooms, serial_shops,
          shop, hellmonk_ecumenical_altar_blasted, minmay_worlds_worst_comb
D:2:      layout_basic, basic_altar, st_stairs_11, uniq_robin
D:3:      layout_loops_ring, uniq_sigmund
D:4:      layout_loops_corners, temple_hall, serial_shops,
          nicolae_shop_bloodbath_and_beyond, uniq_grinder

Skill      XL: |  1  2  3  4  5 |
---------------+----------------+-----
Dodging        | 3 4 |  4.0
Transmutations | 3 4 |  4.5
Unarmed Combat | 4 |  4.4
Poison Magic   | 1 2 |  2.3
Ice Magic      | 1 |  1.0
Fighting       | |  1.1
Spellcasting   | |  2.0

Action                   |  1- 3 |  4- 6 || total
-------------------------+-------+-------++-------
Melee: Unarmed           |    93 |   163 ||   256
       Headbutt          |    10 |    26 ||    36
       Punch             |     2 |     1 ||     3
 Cast: Beastly Appendage |    21 |    36 ||    57
Evoke: Wand              |       |     1 ||     1
  Use: Scroll            |       |     1 ||     1
       Potion            |       |     1 ||     1
 Stab: Sleeping          |     2 |       ||     2
Armor: Robe              |    14 |    19 ||    33
Dodge: Dodged            |    75 |    77 ||   152

Table legend: (Time is in decaauts)
 A = Elapsed time spent in this place.
 B = Non-inter-level travel time spent in this place.
 C = Inter-level travel time spent in this place.
 D = Time resting spent in this place.
 E = Time spent auto-exploring this place.
 F = Levels seen in this place.
 G = Mean time per level.
                   A        B        C        D        E       F      G
               +--------+--------+--------+--------+--------+-----+--------+
         Total |   4163 |   4155 |      8 |   1074 |   2093 |   4 | 1040.8 |
       Dungeon |   4163 |   4155 |      8 |   1074 |   2093 |   4 | 1040.8 |
               +--------+--------+--------+--------+--------+-----+--------+

Top non-repeatable levels by time:
     D:2: 1646 daAuts
     D:3: 1218 daAuts
     D:1: 1162 daAuts
     D:4: 136 daAuts
